 Dungeon Crawl Stone Soup version 0.26-a0-812-g31a745ddcd (webtiles) character file.

Game seed: 10662948504896967558

18 kae the Ruffian (level 2, -3/23 HPs)
             Began as a Draconian Transmuter on Dec 4, 2020.
             Slain by an adder (4 damage)
             ... on level 2 of the Dungeon.
             The game lasted 00:00:28 (1378 turns).

kae the Ruffian (Draconian Transmuter)              Turns: 1378, Time: 00:00:28

Health: -3/23      AC:  4    Str: 12    XL:     2   Next: 48%
Magic:  4/5        EV: 12    Int: 13    God:
Gold:   103        SH:  0    Dex: 11    Spells: 4/5 levels left

rFire    . . .     SeeInvis .     - Unarmed
rCold    . . .     Faith    .   (no shield)
rNeg     . . .     Spirit   .   (armour unavailable)
rPois    .         Reflect  .   (helmet currently unavailable)
rElec    .         Harm     .   (no cloak)
rCorr    .         Rampage  .   (no gloves)
MR       .....                  (boots currently unavailable)
Stlth    +.........             (no amulet)
HPRegen  0.07/turn              (no ring)
MPRegen  0.09/turn              (no ring)

@: lethally poisoned (-3 -> -12), appendages
A: unfitting armour, horns 2, talons 2, cold-blooded, AC +4
a: End Transformation


You were on level 2 of the Dungeon.
You had grown temporary horns.
You had grown temporary talons.
You visited 1 branch of the dungeon, and saw 2 of its levels.

You collected 103 gold pieces.

Inventory:

Scrolls
 a - a scroll of blinking {unknown}
 b - 2 scrolls of teleportation {unknown}
 d - a scroll of identify {unknown}
Potions
 c - a potion of might {unknown}
 e - a potion of attraction {unknown}


   Skills:
 + Level 1.4 Fighting
 + Level 1.9 Dodging
 * Level 3.2 Unarmed Combat
 + Level 2.1 Spellcasting
 * Level 2.4 Transmutations


You had 4 spell levels left.
You knew the following spells:

 Your Spells              Type           Power        Failure   Level
a - Beastly Appendage     Tmut           #.....       10%         1

Your spell library contained the following spells:

 Spells                   Type           Power        Failure   Level
 Wereblood                Tmut           #.......     14%         2
 Spider Form              Tmut/Pois      #.........   43%         3
 Ice Form                 Ice/Tmut       #.......     83%         4
 Blade Hands              Tmut           #.........   95%         5


Dungeon Overview and Level Annotations

Branches:
Dungeon (2/15)

Altars:


Innate Abilities, Weirdness & Mutations

Your plain brown scales are hard. (AC +4)
You cannot fit into any form of body armour.
You are cold-blooded and may be slowed by cold attacks.
You have a pair of horns on your head.
You have razor-sharp toenails.


Message History

The adder bites you.
* * * LOW HITPOINT WARNING * * *
You are too injured to fight recklessly!
You are too injured to fight recklessly!
You barely miss the adder. The adder barely misses you.
You hit the adder but do no damage. Your headbutt misses the adder.
You tail-slap the adder.
The adder is moderately wounded.
* * * LOW HITPOINT WARNING * * *
You feel sick. The adder bites you.
* * * LOW HITPOINT WARNING * * *
You are more poisoned.
The adder poisons you!
The frilled lizard bites you but does no damage.
The adder barely misses you.
You closely miss the adder.
The adder is moderately wounded.
* * * LOW HITPOINT WARNING * * *
You feel sick. The frilled lizard closely misses you. The adder bites you.
You die...

#.####.###
#.#......#
#.#.##.#.#
#.#.##.#.##
.##.##.#.##....####
..........w.......+
<.....##<###...####
##... #l####.## #..
#.@Sl..# #.
####w### # #.# #.#
#.# #.# #.# #.#


You could see a worm, an adder and 2 frilled lizards.

Vanquished Creatures
  A dart slug (D:1)
  A giant cockroach (D:1)
  3 hobgoblins (D:1)
  6 kobolds (D:1)
  A ball python (D:1)
  3 bats (D:1)
  A rat (D:1)
16 creatures vanquished.

Notes
Turn   | Place    | Note
-------+----------+-------------------------------------------
     0 | D:1      | kae the Draconian Transmuter began the quest for the Orb.
     0 | D:1      | Reached XP level 1. HP: 16/16 MP: 3/3
   367 | D:1      | Reached XP level 2. HP: 23/23 MP: 3/5
  1378 | D:2      | HP: 1/23 [poisoned by an adder]
  1378 | D:2      | Slain by an adder

Illustrated notes

Levels and vault maps discovered:
D:1:      dpeg_arrival_arbitrary_b, layout_basic
D:2:      layout_loops_corners, dancing_weapons_uskayaw, lemuel_round_altar,
          minmay_tripent

Action                   || total
-------------------------++-------
Melee: Unarmed           ||    51
       Kick              ||     5
       Headbutt          ||     1
       Punch             ||     1
       Tailslap          ||     2
 Cast: Beastly Appendage ||    17
Armor: Skin              ||    12
Dodge: Dodged            ||    37

Table legend: (Time is in decaauts)
 A = Elapsed time spent in this place.
 B = Non-inter-level travel time spent in this place.
 C = Inter-level travel time spent in this place.
 D = Time resting spent in this place.
 E = Time spent auto-exploring this place.
 F = Levels seen in this place.
 G = Mean time per level.
                   A        B        C        D        E       F      G
               +--------+--------+--------+--------+--------+-----+--------+
         Total |   1376 |   1333 |     43 |    224 |    942 |   2 |  688.0 |
       Dungeon |   1376 |   1333 |     43 |    224 |    942 |   2 |  688.0 |
               +--------+--------+--------+--------+--------+-----+--------+

Top non-repeatable levels by time:
     D:1: 1354 daAuts
     D:2: 22 daAuts
